[Event "FRA-ch Youth U16 2018"]
[Site "Agen"]
[Date "2018.04.17"]
[Round "4"]
[White "Kollar, Romain"]
[Black "Vlachos, Anatole"]
[Result "0-1"]
[ECO "B06"]
[WhiteElo "2155"]
[BlackElo "2346"]
[Annotator "NA"]
[PlyCount "87"]
[EventDate "2018.??.??"]
[EventType "swiss"]
[EventCountry "FRA"]
[SourceTitle "playchess.com"]
[Source "ChessBase"]
[SourceQuality "1"]
[TimeControl "5400+30"]

1. e4 g6 2. d4 Bg7 3. Nc3 d6 4. Be3 a6 5. Qd2 b5 6. O-O-O Bb7 {[%emt 0:00:02] B06: Modern Defence} 7. f3 Nd7 8. h4 h6 9. g4 (9. Kb1 Nb6 10. Bd3 Nf6 11. Nh3 Nfd7 12. Nf4 e6 13. Nce2 {0-1 (43) Fressinet,L (2662)-Petrosian,T (2601) Riadh 2017}) 9... Rc8 10. Nh3 {[%emt 0:04:38] LiveBook: 3 Games} c5 11. dxc5 Nxc5 12. Kb1 Qa5 $146 ({Predecessor:} 12... Ne6 13. Nd5 {½-½ (37) Todorovic,J (2394)-Kisic,B (2173) Bar 2015}) 13. Bd4 Bxd4 14. Qxd4 Nf6 15. Nd5 Bxd5 16. exd5 Qa4 17. Qxa4 Nxa4 18. Nf4 Nb6 19. Rd4 Rc5 20. b4 Rc3 21. Bd3 Kf8 22. Kb2 $1 Na4+ 23. Kb1 Nb6 24. Kb2 Rc7 25. Bxg6 {[%emt 0:01:01] [#]} Rc4 $1 26. Rhd1 fxg6 27. Nxg6+ Kg7 28. Nxe7 Rxd4 29. Nf5+ Kg6 30. Rxd4 Nc4+ 31. Kb3 Re8 $19 32. Rd3 h5 33. a4 hxg4 34. fxg4 Re1 35. axb5 axb5 36. Ka2 Nxg4 37. Nd4 Nge3 38. Nxb5 Nxc2 39. Kb3 N2e3 40. Nc3 Kf5 41. b5 Ke5 42. Kb4 Nb6 43. Ka5 Nbxd5 44. Ka6 0-1

[Event "FRA-ch Youth U16 2018"]
[Site "Agen"]
[Date "2018.04.17"]
[Round "4"]
[White "Gao, Etienne"]
[Black "Harutyunyan, Ruben"]
[Result "1-0"]
[ECO "B94"]
[WhiteElo "2129"]
[BlackElo "2305"]
[Annotator "NA"]
[PlyCount "105"]
[EventDate "2018.??.??"]
[EventType "swiss"]
[EventCountry "FRA"]
[SourceTitle "playchess.com"]
[Source "ChessBase"]
[SourceQuality "1"]
[TimeControl "5400+30"]

1. e4 c5 2. Nf3 d6 3. d4 Nf6 4. Nc3 cxd4 5. Nxd4 a6 6. Bg5 Nbd7 7. Bc4 e6 8. Qe2 {[%emt 0:02:25] B94: Sicilian Najdorf: 6 Bg5 Nbd7} (8. a4 Qa5 9. Qd2 Be7 10. O-O h6 11. Be3 Ne5 12. Be2 Bd7 13. Kh1 Rc8 14. f4 Nc4 15. Bxc4 Rxc4 {0-1 (45) Jobava,B (2730)-Le,Q (2693) Amsterdam 2012}) 8... b5 {[%emt 0:05:37] LiveBook: 10 Games} 9. Bd5 exd5 10. Nc6 Qb6 $146 ({Predecessor:} 10... Qc7 11. exd5+ Ne5 12. Bxf6 gxf6 13. f4 Bg7 14. fxe5 fxe5 15. g4 Bd7 {1-0 (72) Brankovic,D (2352)-Vucinic,G (2439) Kragujevac 2016}) 11. exd5+ Ne5 12. Nxe5 dxe5 13. Qxe5+ Be7 14. Ne4 O-O (14... Ra7 $17 15. O-O-O Nxe4) 15. Qxe7 Nxd5 16. Qc5 Re8 17. O-O-O Qxc5 18. Nxc5 Nb6 19. b3 Bf5 20. Be3 Rac8 (20... Nc8 $16 {was worth a try.} 21. Rhe1 Ne7) 21. Rd6 Nd7 22. Nxd7 Red8 23. Nf6+ gxf6 24. Rxd8+ Rxd8 25. Kb2 h5 26. Rc1 Be4 27. g3 Bf3 28. c4 Rd1 29. Rxd1 Bxd1 30. cxb5 axb5 31. Bc5 Kg7 32. Kc3 Kg6 33. Kb4 Be2 34. Ka5 Kf5 35. Kb6 Ke6 36. Kc6 f5 37. f4 Bd3 38. Bf8 Bb1 39. a4 bxa4 $16 40. bxa4 Be4+ 41. Kc7 h4 42. gxh4 Kf6 43. a5 Kg6 44. a6 Kh5 45. a7 Kxh4 46. Kb8 Kh3 47. a8=Q Bxa8 48. Kxa8 Kxh2 49. Kb7 Kg3 50. Bd6 Kf3 51. Kc6 Ke4 52. Kd7 Kd5 53. Bb8 1-0

[Event "FRA-ch Youth U16 2018"]
[Site "Agen"]
[Date "2018.04.17"]
[Round "4"]
[White "Lucas, Arthur"]
[Black "Defromont, Benjamin"]
[Result "1-0"]
[ECO "C11"]
[WhiteElo "2117"]
[BlackElo "2184"]
[Annotator "NA"]
[PlyCount "97"]
[EventDate "2018.??.??"]
[EventType "swiss"]
[EventCountry "FRA"]
[SourceTitle "playchess.com"]
[Source "ChessBase"]
[SourceQuality "1"]
[TimeControl "5400+30"]

1. e4 e6 2. d4 d5 3. Nc3 Nf6 4. e5 Nfd7 5. f4 c5 6. Nf3 Nc6 7. Be3 {[%emt 0:00:06] LiveBook: 6280 Games} a6 8. Qd2 b5 9. dxc5 Bxc5 10. Bd3 O-O {[%emt 0:01:05] [#]} 11. Bxc5 (11. Bxh7+ $1 $14 Kxh7 12. Ng5+ Kg8 13. Qd3 Qxg5 14. fxg5 Ndxe5 15. Qe2 (15. Bxc5 Nxd3+ 16. cxd3 Rd8 $11) 15... Bxe3 16. Qxe3) 11... Nxc5 12. O-O Qb6 13. Kh1 b4 14. Ne2 Bb7 15. Ng3 f5 16. exf6 Rxf6 17. Rae1 g6 18. Ne5 Nxe5 19. fxe5 Rxf1+ 20. Rxf1 Nxd3 21. cxd3 Rf8 22. Rxf8+ Kxf8 23. Qf4+ Kg8 24. h4 a5 25. Qf6 Ba6 26. Ne2 Bc8 27. Nf4 Qf2 28. Qd8+ Kg7 29. Qf6+ Kg8 30. Kh2 d4 31. b3 Qf1 32. Kg3 Qc1 33. h5 gxh5 34. Nxh5 Qc7 35. Qg5+ Kf8 36. Qh6+ Ke7 37. Qxh7+ Kd8 38. Qxc7+ Kxc7 39. Kf4 Ba6 40. Ke4 Bb7+ 41. Kxd4 Bxg2 42. Nf4 Bf1 43. Nxe6+ Kc6 44. Nf4 Kb5 45. e6 Kc6 46. Ke5 a4 47. Kf6 axb3 48. axb3 Bxd3 49. Nxd3 1-0

[Event "FRA-ch Youth U16 2018"]
[Site "Agen"]
[Date "2018.04.17"]
[Round "4"]
[White "Djidjeli, Sarah"]
[Black "Pascutto, Sonia"]
[Result "1-0"]
[ECO "C15"]
[WhiteElo "1903"]
[BlackElo "1480"]
[Annotator "NA"]
[PlyCount "75"]
[EventDate "2018.??.??"]
[EventType "swiss"]
[EventCountry "FRA"]
[SourceTitle "playchess.com"]
[Source "ChessBase"]
[SourceQuality "1"]
[TimeControl "5400+30"]

1. e4 e6 2. d4 d5 3. Nc3 Bb4 4. exd5 exd5 5. Bd3 Nf6 6. Nge2 O-O 7. O-O h6 8. h3 Nc6 9. Be3 Ne7 $11 10. Ng3 c6 11. Qf3 c5 12. dxc5 Bxc3 13. bxc3 Ng6 14. Nh5 Nxh5 15. Qxh5 Be6 16. f4 Bd7 17. f5 Re8 18. Bd4 Qh4 19. Qxh4 Nxh4 20. g3 Nxf5 21. Bxf5 Bxf5 22. Rxf5 Re2 23. Rf2 Re4 24. Rb1 b6 25. cxb6 axb6 26. Rxb6 f6 27. Rb5 Rxa2 28. Rxd5 Re1+ 29. Kg2 Raa1 30. c4 Ra4 31. c5 Rc4 32. Rd2 Kf7 33. Bf2 Re6 34. Rd6 Re8 35. Bd4 Re4 36. c3 Re8 37. Rb6 Kg6 38. Rb4 1-0

[Event "FRA-ch Youth U16 2018"]
[Site "Agen"]
[Date "2018.04.17"]
[Round "4"]
[White "Conti, Anne-Marie"]
[Black "Sabiani, Chjara"]
[Result "0-1"]
[ECO "A48"]
[WhiteElo "1865"]
[BlackElo "1723"]
[Annotator "NA"]
[PlyCount "76"]
[EventDate "2018.??.??"]
[EventType "swiss"]
[EventCountry "FRA"]
[SourceTitle "playchess.com"]
[Source "ChessBase"]
[SourceQuality "1"]
[TimeControl "5400+30"]

1. d4 Nf6 2. Nf3 g6 3. c4 Bg7 4. g3 O-O 5. Bg2 d6 6. O-O c6 7. Nc3 a6 8. a4 a5 9. e4 Nfd7 {[%emt 0:00:44] LiveBook: 9 Games} 10. Re1 e5 11. Be3 ({White should try} 11. d5 $11) 11... Na6 12. Qd2 exd4 13. Nxd4 Ne5 $11 14. Qe2 Ng4 15. Rad1 Nxe3 16. Qxe3 Qe7 17. Rd2 Be6 18. Bf1 Nc5 19. Nxe6 fxe6 20. Bg2 Nb3 21. Nd5 cxd5 22. Qxb3 d4 23. Rd3 Kh8 24. Qb5 e5 25. f3 Bh6 26. Rb3 Be3+ 27. Kf1 Rf7 28. Ke2 Qf8 29. Qd5 g5 30. h3 Rc7 31. Rb6 Rc5 32. Qxb7 Rxc4 33. Kf1 Rc2 34. Re2 Rc1+ 35. Re1 Rac8 36. Ra6 Qg8 37. b3 d3 38. Rc6 R8xc6 0-1

[Event "FRA-ch Youth U16 2018"]
[Site "Agen"]
[Date "2018.04.17"]
[Round "4"]
[White "Grall, Alba"]
[Black "Bellahcene, Meriem"]
[Result "1-0"]
[ECO "B38"]
[WhiteElo "1855"]
[BlackElo "1862"]
[Annotator "NA"]
[PlyCount "143"]
[EventDate "2018.??.??"]
[EventType "swiss"]
[EventCountry "FRA"]
[SourceTitle "playchess.com"]
[Source "ChessBase"]
[SourceQuality "1"]
[TimeControl "5400+30"]

1. e4 c5 2. Nf3 g6 3. d4 cxd4 4. Nxd4 Bg7 5. c4 Nc6 6. Be3 Nf6 7. Nc3 O-O 8. Be2 d6 9. O-O Bd7 10. Qd2 Nxd4 11. Bxd4 Bc6 12. f3 Nd7 13. Be3 Nc5 14. Rab1 {[%emt 0:05:41] LiveBook: 11 Games} a5 15. b3 Qc7 16. Rfc1 Rfc8 17. Rc2 Qd8 18. a3 Nd7 {[%emt 0:14:25] B38: Sicilian: Maroczy Bind with 5...Bg7 and 7...0-0} (18... b6 19. Bf1 h5 20. Nd5 e6 21. Nc3 Be5 22. b4 axb4 23. axb4 Nd7 24. Bd4 Qe7 {½-½ (24) Ivanisevic,I (2629)-Sedlak,N (2571) Cetinje 2009}) 19. Bf1 h5 20. Kh1 $146 ({Predecessor:} 20. Ne2 Kh7 21. Nd4 Ne5 22. Qf2 Qh8 23. h3 Bd7 24. Rd1 Nc6 25. Nb5 Be6 26. f4 {½-½ (47) Womacka,M (2397)-Jirovsky,M (2476) Germany 2006}) 20... Kh7 21. b4 axb4 22. axb4 Ne5 23. b5 $11 Bd7 24. Nd5 Ra3 25. Nb6 Rb8 26. Bf2 Be6 27. Qb4 Ra7 28. Nd7 Rba8 29. Bxa7 Rxa7 30. Nxe5 Bxe5 31. Qd2 Qa8 32. Qg5 Bf6 33. Qc1 Bd4 34. Qd2 Be5 35. Qg5 Bf6 36. Qd2 Be5 37. Qf2 Ra3 38. Qh4 Bf6 39. Qf2 Be5 40. Qh4 Bf6 41. Qf2 Be5 42. Qd2 Ra7 43. Rd1 Ra3 44. Rb1 b6 45. Qf2 Qa7 46. Qd2 Qa8 47. Rcc1 Ra2 48. Rc2 Ra3 49. Rcc1 Ra2 50. Rc2 Ra3 51. Be2 Qa7 52. Rf1 Ra1 53. Rxa1 Qxa1+ 54. Rc1 Qa3 55. Rf1 Qc3 56. Qxc3 Bxc3 57. Rc1 Bd4 58. Rc2 Kg7 59. Bf1 Kf6 60. g3 g5 61. Kg2 Bc5 62. f4 Bc8 63. Bd3 Bb4 64. Rf2 g4 65. Re2 e5 66. Rf2 Ke7 67. Kf1 f6 68. Ra2 Ba5 69. Ke2 Bb7 70. f5 Kd8 71. Ra1 Kc7 72. Rh1 1-0

[Event "FRA-ch Youth U16 2018"]
[Site "Agen"]
[Date "2018.04.17"]
[Round "4"]
[White "Pionnier, Camille"]
[Black "Aubert, Estee"]
[Result "0-1"]
[ECO "D20"]
[WhiteElo "1744"]
[BlackElo "1892"]
[Annotator "NA"]
[PlyCount "98"]
[EventDate "2018.??.??"]
[EventType "swiss"]
[EventCountry "FRA"]
[SourceTitle "playchess.com"]
[Source "ChessBase"]
[SourceQuality "1"]
[TimeControl "5400+30"]

1. d4 d5 2. c4 dxc4 3. e3 e5 4. Bxc4 exd4 {[%emt 0:00:28] LiveBook: 768 Games} 5. exd4 Be7 {[%emt 0:03:23] D20: Queen's Gambit Accepted: 3 e3 and 3 e4} (5... Nf6 6. Nf3 Be7 7. O-O O-O 8. Nc3 Nbd7 9. Re1 Nb6 10. Bb3 c6 11. Bg5 Nbd5 12. Nxd5 Nxd5 13. Bxe7 Nxe7 14. Ne5 Nd5 15. Qf3 Be6 16. Nd3 Nc7 17. Nc5 Bxb3 18. Qxb3 b6 19. Ne4 {0-1 (57) Artemiev,V (2691)-Ivanchuk,V (2726) Huaian 2017}) 6. Qb3 Qxd4 $146 ({Predecessor:} 6... Be6 7. Qxb7 Bxc4 8. Qxa8 Bd5 9. Qxa7 Bxg2 10. f3 Bh4+ 11. Kd1 Nf6 12. Bf4 Nd5 13. Bg3 O-O 14. Ke2 Bxh1 15. Kf2 Bxg3+ 16. hxg3 Qg5 17. Qa3 Qh6 {0-1 (17) Peschke,M (1557)-Jablonowski,C (1784) Cuxhaven 2005}) 7. Bxf7+ Kf8 8. Nc3 Nf6 9. Bc4 Ng4 10. Nh3 Nc6 11. Ne2 Qc5 12. O-O Nge5 13. Be6 Na5 14. Qd5 Qxd5 15. Bxd5 Bxh3 16. gxh3 c6 17. Be6 Bf6 18. f4 $11 Nec4 19. b4 Bxa1 20. bxa5 Nd6 21. Ba3 Ke7 22. Bg4 Bf6 23. Re1 Rhd8 24. Nd4+ Kf7 25. Ne6 Be7 26. Nxd8+ Rxd8 27. Kg2 Bh4 28. Re2 g6 29. Be6+ Kg7 30. Bb2+ Bf6 31. Ba3 Nb5 32. Bc5 Nd4 33. Bxd4 Rxd4 34. Bc8 b6 35. axb6 axb6 36. Kf3 c5 37. Ba6 Ra4 38. Bb5 Rb4 39. a4 c4 40. Rc2 c3 41. Ke3 Kf7 42. Bc6 Ke6 43. Kf3 Kd6 44. Bb5 Kd5 45. Ke3 Re4+ 46. Kf3 Rb4 47. Ke3 Bg7 48. Be8 Re4+ 49. Kf3 Rxe8 0-1

[Event "FRA-ch Youth U16 2018"]
[Site "Agen"]
[Date "2018.04.17"]
[Round "4"]
[White "Treboz, Hugo"]
[Black "Robert, Mathias"]
[Result "0-1"]
[ECO "A48"]
[WhiteElo "1610"]
[BlackElo "2171"]
[Annotator "NA"]
[PlyCount "68"]
[EventDate "2018.??.??"]
[EventType "swiss"]
[EventCountry "FRA"]
[SourceTitle "playchess.com"]
[Source "ChessBase"]
[SourceQuality "1"]
[TimeControl "5400+30"]

1. d4 Nf6 2. Nf3 g6 3. e3 Bg7 4. Nbd2 O-O 5. Bd3 d6 6. O-O Nbd7 7. Re1 c5 8. c3 b6 9. e4 Qc7 10. Nf1 Bb7 11. Ng3 Rfd8 12. h3 a6 13. Be3 b5 14. Rc1 c4 15. Bb1 a5 16. Qd2 Rac8 17. Bh6 e6 18. Bxg7 Kxg7 19. Qg5 b4 20. cxb4 axb4 21. Qe3 Qa5 22. Nd2 Nb6 23. Rc2 Rc7 24. Rec1 Rdc8 25. Ne2 Qb5 26. Qg3 Nxe4 27. Nxe4 Bxe4 28. Rd2 Bxb1 29. Rxb1 Qd5 30. Nf4 Qf5 31. Rc1 Nd5 32. Ne2 Nf6 33. Qxd6 Ne4 34. Qe5+ Qxe5 0-1

[Event "FRA-ch Youth U16 2018"]
[Site "Agen"]
[Date "2018.04.18"]
[Round "5"]
[White "Vlachos, Anatole"]
[Black "Gao, Etienne"]
[Result "1-0"]
[ECO "A04"]
[WhiteElo "2346"]
[BlackElo "2129"]
[Annotator "NA"]
[PlyCount "129"]
[EventDate "2018.??.??"]
[EventType "swiss"]
[EventCountry "FRA"]
[SourceTitle "playchess.com"]
[Source "ChessBase"]
[SourceQuality "1"]
[TimeControl "5400+30"]

1. Nf3 c5 2. g3 Nc6 3. Bg2 g6 4. d4 cxd4 5. Nxd4 Bg7 6. Nxc6 bxc6 7. c4 Qa5+ {[%emt 0:03:47] A30: Symmetrical English: Double Fianchetto and Hedgehog} 8. Nd2 Nf6 9. O-O O-O 10. e4 d6 11. e5 $146 ({Predecessor:} 11. a3 Rb8 12. Rb1 {½-½ (12) Gavrikov,V (2532)-Rytshagov,M (2533) Tampere 1999}) 11... dxe5 12. Bxc6 Rb8 13. Ne4 Bh3 14. Nxf6+ Bxf6 15. Bg2 Bxg2 16. Kxg2 Qa6 17. b3 Rfd8 18. Qc2 e4 19. Bf4 e5 (19... Bxa1 $11 20. Bxb8 Qb7) 20. Be3 Rd3 21. c5 Qc6 22. Rab1 h5 23. h3 (23. b4 $16) 23... h4 24. g4 a5 25. a3 Be7 26. b4 Qf6 27. Qe2 Rxa3 28. b5 Qf3+ $1 29. Qxf3 exf3+ 30. Kg1 Rc3 31. c6 Ba3 (31... Bd8 $142 32. Rfc1 Rxc1+ 33. Bxc1 Rc8) 32. Ba7 $18 Re8 33. b6 Rxc6 34. b7 Bd6 35. Rfc1 Rxc1+ 36. Rxc1 f6 37. Rc6 Re7 38. Rxd6 Rxb7 39. Ra6 Kf7 40. Rxa5 g5 41. Ra1 Rd7 42. Bb6 Kg6 43. Ra3 Rd6 44. Ba5 Rd1+ 45. Kh2 Rd5 46. Bb6 Rd6 47. Be3 Rc6 48. Ra1 Rd6 49. Rb1 Rc6 50. Kg1 Rd6 51. Kf1 Ra6 52. Ke1 Ra2 53. Kd1 Kf7 54. Bd2 Kg6 55. Rb3 Ra1+ 56. Bc1 e4 57. Kc2 Ra6 58. Be3 Ra1 59. Rb6 Rh1 60. Bd4 Rxh3 61. Rxf6+ Kh7 62. Rf5 Kg6 63. Be3 Rh1 64. Rxg5+ Kf6 65. Rh5 1-0

[Event "FRA-ch Youth U16 2018"]
[Site "Agen"]
[Date "2018.04.18"]
[Round "5"]
[White "Degraeve, Remy"]
[Black "Hingouet, Matthieu"]
[Result "1-0"]
[ECO "B12"]
[WhiteElo "2294"]
[BlackElo "2163"]
[Annotator "NA"]
[PlyCount "85"]
[EventDate "2018.??.??"]
[EventType "swiss"]
[EventCountry "FRA"]
[SourceTitle "playchess.com"]
[Source "ChessBase"]
[SourceQuality "1"]
[TimeControl "5400+30"]

1. e4 c6 2. d4 d5 3. e5 c5 4. dxc5 Nc6 5. Nf3 Bg4 6. c3 {[%emt 0:00:00] B12: Caro-Kann: Advance Variation} e6 7. Be3 (7. b4 a6 8. Nbd2 Nxe5 9. Qa4+ Nd7 10. Ne5 Ngf6 11. c4 a5 12. Nb3 axb4 13. Qb5 Be7 {0-1 (53) Topalov,V (2760)-Nakamura,H (2779) London 2016}) 7... Nge7 8. Nbd2 Nf5 9. Bd4 Be7 10. Bb5 {[%emt 0:04:04] LiveBook: 3 Games} O-O 11. Bxc6 bxc6 12. O-O $146 ({Predecessor:} 12. h3 Bh5 13. Qa4 Qc7 {1-0 (77) Praneeth,S (2347)-Thejkumar,M (2479) Nagpur 2015}) 12... Qc7 13. h3 Bh5 14. b4 a5 (14... Nxd4 $11 15. cxd4 a5) 15. Nb3 axb4 16. cxb4 Nh4 17. g4 Nxf3+ 18. Qxf3 Bg6 19. Bc3 f5 20. exf6 Bxf6 21. Bxf6 Rxf6 22. Qg3 Qb7 23. a3 Raf8 24. Nd4 Be4 25. Qd6 $2 ({Better is} 25. f3 $18 Bg6 26. g5) 25... Qf7 26. Nxc6 Rf3 27. Qh2 Qf6 {[%emt 0:02:22] [#]} 28. Ne5 $1 Qh4 29. Nxf3 Rxf3 $18 30. Qb8+ Kf7 31. Qg3 Qh6 32. g5 Qg6 33. Qh4 h6 34. c6 hxg5 35. Qg4 Qh6 36. c7 Rxh3 37. f3 Rh1+ 38. Kf2 Qh2+ 39. Ke3 Rxf1 40. Rxf1 Bf5 41. Qxf5+ exf5 42. c8=Q d4+ 43. Kd3 1-0

[Event "FRA-ch Youth U16 2018"]
[Site "Agen"]
[Date "2018.04.18"]
[Round "5"]
[White "Robert, Mathias"]
[Black "Lucas, Arthur"]
[Result "1-0"]
[ECO "B77"]
[WhiteElo "2171"]
[BlackElo "2117"]
[Annotator "NA"]
[PlyCount "101"]
[EventDate "2018.??.??"]
[EventType "swiss"]
[EventCountry "FRA"]
[SourceTitle "playchess.com"]
[Source "ChessBase"]
[SourceQuality "1"]
[TimeControl "5400+30"]

1. e4 c5 2. Nf3 d6 3. d4 cxd4 4. Nxd4 Nf6 5. Nc3 g6 6. Be3 Bg7 7. f3 O-O 8. Bc4 Nc6 9. Qd2 Nxd4 10. Bxd4 Be6 11. Bb3 Qa5 12. O-O-O Bxb3 {[%emt 0:06:39] LiveBook: 21 Games} 13. cxb3 $14 b5 14. Kb1 b4 15. Bxf6 exf6 16. Nd5 Rfe8 17. Qxb4 Qxb4 18. Nxb4 f5 19. Rhe1 fxe4 20. fxe4 Re6 21. Nd5 Rb8 22. Rc1 a5 23. Kc2 h5 24. Kd3 Bxb2 25. Rc6 f5 26. Re2 fxe4+ 27. Rxe4 Rxe4 28. Kxe4 Be5 29. h3 Kg7 30. Ra6 Rb5 31. Nc7 Rb4+ 32. Ke3 Rb7 33. Ne8+ Kh6 34. Nxd6 Rd7 35. Nc4 Bc3 36. Nxa5 Rd2 37. Nc4 Rxg2 38. Kf3 Rg1 39. Ne3 Be5 40. Ke4 Bc3 41. Rd6 Rh1 42. Rd3 Be1 43. Rd1 Rg1 44. Nc2 Bf2 45. Rxg1 Bxg1 46. a4 Kg5 47. a5 Ba7 48. b4 Kh4 49. b5 Kxh3 50. b6 Bb8 51. a6 1-0

[Event "FRA-ch Youth U16 2018"]
[Site "Agen"]
[Date "2018.04.18"]
[Round "5"]
[White "Goix, Theo"]
[Black "Tomasi, Albert"]
[Result "0-1"]
[ECO "B92"]
[WhiteElo "2088"]
[BlackElo "2298"]
[Annotator "NA"]
[PlyCount "64"]
[EventDate "2018.??.??"]
[EventType "swiss"]
[EventCountry "FRA"]
[SourceTitle "playchess.com"]
[Source "ChessBase"]
[SourceQuality "1"]
[TimeControl "5400+30"]

1. e4 c5 2. Nf3 d6 3. d4 cxd4 4. Nxd4 Nf6 5. Nc3 a6 6. Be2 Nbd7 7. O-O {[%emt 0:00:30] LiveBook: 130 Games} g6 8. Bg5 {[%emt 0:01:49] B92: Sicilian Najdorf: 6 Be2} (8. Re1 Bg7 9. h3 b6 10. Nc6 Qc7 11. Nb4 Bb7 12. Nbd5 Qd8 13. Bg5 O-O 14. Qd2 Rc8 15. a4 Re8 {½-½ (67) Shanava,K (2551)-Korobov,A (2696) Nakhchivan 2014}) 8... Bg7 9. Kh1 h6 $146 ({Find the theoretical novelty and annotate with similar games:} 9... Nc5 10. Bf3 O-O 11. Nd5 e6 12. Nxf6+ Bxf6 13. Bxf6 Qxf6 14. c4 Rd8 15. Rc1 {½-½ (53) Feoktistov,A (2395)-Savon,V (2425) St Petersburg 1998}) 10. Bh4 O-O 11. f4 Re8 12. Nb3 b5 13. Bf3 Bb7 14. a4 b4 15. Nd5 Nxd5 16. exd5 Bxb2 17. Rb1 Bf6 18. Bf2 a5 19. Nd4 Nc5 20. c3 bxc3 21. Nc6 Bxc6 22. dxc6 Na6 23. Rb7 Rb8 24. Bb6 $2 {[%emt 0:06:18] [#]} (24. f5 $11 g5 25. Qe2) 24... Qxb6 $1 25. Rxb6 Rxb6 26. Qe2 Nc7 $19 27. Qc4 Reb8 28. f5 g5 29. h4 Rb4 30. Qd3 Rxh4+ 31. Kg1 Bd4+ 32. Rf2 Rb2 0-1

[Event "FRA-ch Youth U16 2018"]
[Site "Agen"]
[Date "2018.04.18"]
[Round "5"]
[White "Aubert, Estee"]
[Black "Djidjeli, Sarah"]
[Result "1-0"]
[ECO "D00"]
[WhiteElo "1892"]
[BlackElo "1903"]
[Annotator "NA"]
[PlyCount "85"]
[EventDate "2018.??.??"]
[EventType "swiss"]
[EventCountry "FRA"]
[SourceTitle "playchess.com"]
[Source "ChessBase"]
[SourceQuality "1"]
[TimeControl "5400+30"]

1. d4 d5 2. Bf4 c5 3. e3 Nc6 4. c3 Bf5 5. Nd2 e6 6. Ngf3 Nf6 7. Be2 {[%emt 0:00:21] D00: 1 d4 d5: Unusual lines} h6 (7... Bd6 8. dxc5 Bxc5 9. Nd4 Bg6 10. Qa4 O-O 11. Nxc6 bxc6 12. Qxc6 Rc8 13. Qa4 Re8 14. O-O e5 {0-1 (57) Le,Q (2737)-Ding,L (2777) Riadh 2017}) 8. h3 Be7 9. O-O O-O {[%emt 0:00:10] LiveBook: 3 Games} 10. Ne5 Nxe5 11. Bxe5 Nd7 12. Bh2 Qb6 $146 ({Predecessor:} 12... a6 13. Nf3 h5 {0-1 (50) Deak,Z (2205)-Csomos,R (2213) Hungary 2003}) 13. Qb3 c4 14. Qxb6 axb6 15. e4 Bg6 16. exd5 exd5 17. Rfe1 Rfe8 18. a3 b5 19. Nf1 Bg5 20. f4 Bf6 21. Bf3 Nb6 $14 22. Ne3 Be4 23. Kf2 Bxf3 24. Kxf3 g6 25. Re2 Re6 26. Rae1 Rae8 27. Bg1 Kg7 28. Bf2 Bd8 29. g4 Bc7 30. Bg3 Re4 31. h4 R4e7 32. Nf5+ gxf5 33. Rxe7 fxg4+ 34. Kxg4 Rc8 35. h5 Na4 36. R1e2 Bd6 37. Rxb7 Ra8 38. Be1 Ra5 39. Kf5 Kf8 40. Rd7 Ra6 41. Bh4 Rb6 42. Rd8+ Kg7 43. Bf6+ 1-0

[Event "FRA-ch Youth U16 2018"]
[Site "Agen"]
[Date "2018.04.18"]
[Round "5"]
[White "Bellahcene, Meriem"]
[Black "Andre, Victoria"]
[Result "1/2-1/2"]
[ECO "B34"]
[WhiteElo "1862"]
[BlackElo "1575"]
[Annotator "NA"]
[PlyCount "132"]
[EventDate "2018.??.??"]
[EventType "swiss"]
[EventCountry "FRA"]
[SourceTitle "playchess.com"]
[Source "ChessBase"]
[SourceQuality "1"]
[TimeControl "5400+30"]

1. e4 c5 2. Nf3 Nc6 3. Nc3 g6 4. d4 cxd4 5. Nxd4 Bg7 6. Nde2 Nf6 7. g3 O-O 8. Bg2 d6 9. h3 Bd7 {[%emt 0:11:09] LiveBook: 32 Games} 10. Be3 Rc8 11. O-O b6 {[%emt 0:04:48] B70: Sicilian Dragon: 6 g3 and 6 Be2 (without a later Be3)} (11... Qa5 12. Nd5 Nxd5 13. exd5 Ne5 14. b3 Be8 15. Bd4 Nd7 16. Bxg7 Kxg7 17. Nd4 Nf6 18. Re1 Rc7 19. a3 Qc5 {1-0 (29) Grigoriants,S (2603)-Gullaksen,E (2363) London 2015}) 12. Qd2 Ne5 13. Qc1 Bc6 $146 ({Find the theoretical novelty and annotate with similar games:} 13... Qc7 14. b3 Bc6 15. Bd4 Ned7 16. Qd2 Nc5 17. Bxc5 dxc5 18. Rad1 Rcd8 19. Qe3 {0-1 (78) Delaney,A-Ferrer Lucas,P (2065) Valetta 1980}) 14. Nd4 Ba8 15. Bh6 Qc7 16. Bxg7 Kxg7 17. Re1 a6 18. a4 $11 Rfd8 19. Qg5 e6 20. Rad1 h6 21. Qc1 Nc4 22. Nde2 Bc6 23. b3 Ne5 24. Qb2 b5 25. axb5 axb5 26. Nd4 b4 27. Na2 Qb7 28. Nxc6 Nxc6 29. c3 bxc3 30. Nxc3 Rb8 31. Rb1 e5 32. Red1 Nd4 33. b4 Rdc8 34. Rd2 Nd7 35. Ne2 Nxe2+ 36. Rxe2 Rc4 37. b5 Rc5 38. Qa3 Rxb5 39. Rxb5 Qxb5 40. Rd2 Nc5 41. Rxd6 Qb1+ 42. Kh2 Nxe4 43. Bxe4 Qxe4 44. Qd3 Qxd3 45. Rxd3 Rb2 46. Kg2 Kf6 47. g4 Ke6 48. Rd8 Kf6 49. Re8 Rb6 50. Kg3 Re6 51. Ra8 Re7 52. Ra5 g5 53. Kf3 Kg6 54. Ke4 f6 55. Ra6 Rd7 56. Ra8 Rd4+ 57. Ke3 Rb4 58. Kf3 h5 59. Ra6 Rc4 60. gxh5+ Kxh5 61. Rxf6 Rf4+ 62. Rxf4 exf4 63. Ke4 Kh4 64. Kf5 Kxh3 65. Kxg5 Kg2 66. Kxf4 Kxf2 1/2-1/2

[Event "FRA-ch Youth U16 2018"]
[Site "Agen"]
[Date "2018.04.18"]
[Round "5"]
[White "Boulart, Emilie"]
[Black "Conti, Anne-Marie"]
[Result "1/2-1/2"]
[ECO "B22"]
[WhiteElo "1781"]
[BlackElo "1865"]
[Annotator "NA"]
[PlyCount "106"]
[EventDate "2018.??.??"]
[EventType "swiss"]
[EventCountry "FRA"]
[SourceTitle "playchess.com"]
[Source "ChessBase"]
[SourceQuality "1"]
[TimeControl "5400+30"]

1. e4 c5 2. c3 d5 3. exd5 Qxd5 4. d4 Nf6 5. Nf3 Bg4 6. Be2 e6 7. O-O Nc6 8. Be3 cxd4 9. cxd4 Be7 10. Nc3 Qd6 11. h3 Bh5 12. Qb3 O-O 13. Rfd1 Nb4 14. Rac1 {[%emt 0:15:03] LiveBook: 9 Games} Nbd5 15. Bg5 Rfd8 16. Nxd5 Nxd5 $11 17. Bxe7 Qxe7 18. a3 h6 19. Rc2 Nf4 20. Bc4 Bg6 21. Rcd2 Rac8 22. Kh2 Qc7 23. Ne5 Bh5 24. g4 Ng6 25. Qg3 Nxe5 26. dxe5 Rxd2 27. Rxd2 Bxg4 28. Qxg4 Qxc4 29. Rd8+ Kh7 30. Qxc4 Rxc4 31. Rd7 Rc2 32. Rxb7 Rxf2+ 33. Kg3 Re2 34. Rxf7 Rxe5 35. Rxa7 Rb5 36. b4 Kg6 37. Ra5 Rb8 38. Re5 Kf6 39. Re3 e5 40. Rb3 Ke6 41. Kf3 g5 42. b5 Kd5 43. a4 Rf8+ 44. Ke2 Ra8 45. b6 Kc6 46. a5 Kb7 47. Rb5 Re8 48. Ke3 h5 49. Rb4 Re7 50. Kf3 Ka6 51. Ke4 g4 52. hxg4 hxg4 53. Rb3 g3 1/2-1/2

[Event "FRA-ch Youth U16 2018"]
[Site "Agen"]
[Date "2018.04.18"]
[Round "5"]
[White "Sabiani, Chjara"]
[Black "Grall, Alba"]
[Result "1/2-1/2"]
[ECO "D38"]
[WhiteElo "1723"]
[BlackElo "1855"]
[Annotator "NA"]
[PlyCount "98"]
[EventDate "2018.??.??"]
[EventType "swiss"]
[EventCountry "FRA"]
[SourceTitle "playchess.com"]
[Source "ChessBase"]
[SourceQuality "1"]
[TimeControl "5400+30"]

1. d4 Nf6 2. c4 e6 3. Nf3 d5 4. Nc3 Bb4 5. Bg5 h6 6. Bxf6 Qxf6 7. Qc2 O-O 8. e3 $11 {[%emt 0:05:13] LiveBook: 15 Games} Nd7 9. Be2 dxc4 10. g4 b5 11. Rg1 g5 12. h4 Kg7 13. O-O-O Bxc3 14. bxc3 Bb7 15. Rg3 Rg8 16. Rdg1 c5 17. Qd2 cxd4 18. exd4 Kf8 19. h5 Qe7 20. Ne1 Nf6 21. Qc2 Qa3+ 22. Qb2 Qxb2+ 23. Kxb2 Bd5 24. Bf3 Ke7 25. Nc2 a5 26. Ne3 Bxf3 27. Rxf3 Rgd8 28. Re1 Nd5 29. Nf5+ Ke8 30. Nxh6 Nf4 31. Kc2 Kf8 32. Re5 f6 33. Rxf4 gxf4 34. Rxe6 Kg7 35. Nf5+ Kf7 36. Re7+ Kg8 37. Nh6+ Kf8 38. Rf7+ Ke8 39. Rxf6 b4 40. g5 b3+ 41. Kb2 a4 42. a3 Rd7 43. Re6+ Re7 44. Rxe7+ Kxe7 45. Nf5+ Ke6 46. Ng7+ Kf7 47. Nf5 Ke6 48. Ng7+ Kf7 49. Nf5 Rd8 1/2-1/2